 Dungeon Crawl Stone Soup version 0.31-a0-234-gad7ace16ef (webtiles) character file.

Game seed: 7026488379498019066

651 qw the Shooter (level 7, -22/61 HPs)
             Began as a Minotaur Hexslinger on July 9, 2023.
             Annihilated by Duvessa
             ... wielding a +4 rapier of electrocution
              (23 damage)
             ... on level 4 of the Dungeon.
             The game lasted 00:01:24 (3512 turns).

qw the Shooter (Minotaur Hexslinger)                Turns: 3512, Time: 00:01:25

Health: -22/61     AC:  4    Str: 12    XL:     7   Next: 28%
Magic:  7/7        EV: 12    Int: 10    God:
Gold:   36         SH:  0    Dex: 15    Spells: 7/8 levels left

rFire   . . .        a - +0 orcbow
rCold   . . .        (shield currently unavailable)
rNeg    . . .        e - +1 leather armour {Will+}
rPois   .            (helmet restricted)
rElec   .            (no cloak)
rCorr   .            (no gloves)
SInv    .            (no boots)
Will    ++...        g - amulet of the acrobat
Stlth   +            b - ring of willpower
HPRegen 0.30/turn    (no ring)
MPRegen 0.10/turn

%: acrobat
@: about to teleport
A: horns 2, retaliatory headbutt
a: no special abilities


You were on level 4 of the Dungeon.
You visited 1 branch of the dungeon, and saw 4 of its levels.

You collected 172 gold pieces.
You spent 136 gold pieces at shops.


Innate Abilities, Weirdness & Mutations

You have a pair of horns on your head.
You reflexively headbutt those who attack you in melee.


   Skills:
 - Level 5.2 Fighting
 + Level 7.4 Ranged Weapons
 - Level 1.1 Armour
 - Level 2.1 Dodging
 - Level 1.0 Spellcasting
 - Level 2.0 Hexes


You had 7 spell levels left.
You knew the following spells:

 Your Spells              Type           Power      Damage    Failure   Level
a - Slow                  Hex            16%        N/A       19%         1

Your spell library contained the following spells:

 Spells                   Type           Power      Damage    Failure   Level
 Inner Flame              Hex/Fire       2%         N/A       65%         3
 Portal Projectile        Hex/Tloc       4%         N/A       65%         3
 Cause Fear               Hex            2%         N/A       88%         4

Inventory:

Hand Weapons
 a - a +0 orcbow (weapon)
Armour
 e - a +1 leather armour of willpower (worn)
Jewellery
 b - a ring of willpower (left hand)
 g - an amulet of the acrobat (around neck)
Scrolls
 i - 2 scrolls of identify
 j - a scroll of teleportation
 n - a scroll of blinking {unknown}
Potions
 c - a potion of haste
 d - a potion of mutation {unknown}
 f - 2 potions of invisibility {unknown}
 h - 2 potions of degeneration {unknown}
 k - a potion of enlightenment {unknown}
 l - a potion of curing
 m - a potion of heal wounds

Dungeon Overview and Level Annotations

Branches:
Dungeon (4/15)
 Temple: D:4-7

Altars:
Uskayaw
Xom

Shops:
D:4 *

Annotations:
D:4 Duvessa


Message History

You shoot an arrow. The arrow closely misses Dowan.
Dowan smirks and points a slender finger.
Dowan casts a spell.
Dowan blinks!
You shoot an arrow. The arrow barely misses Dowan.
You shoot an arrow. The arrow hits Dowan.
You kill Dowan!
You hear a distant scream of rage.
You start resting.
HP restored.
Duvessa, Sister of Dowan comes into view.
She is wielding a +4 rapier of electrocution.
Enter note:
Enter note:
Enter note:
Enter note:
Enter note:
Enter note: You shoot an arrow.
The arrow hits Duvessa but does no damage.
Duvessa goes berserk!
You shoot an arrow. The arrow hits Duvessa.
Duvessa is lightly wounded.
Duvessa rages.
You shoot an arrow.
The arrow hits Duvessa but does no damage.
Duvessa is lightly wounded.
You shoot an arrow. The arrow hits Duvessa.
Duvessa is lightly wounded.
Duvessa hits you with a +4 rapier of electrocution!
You are electrocuted!
You shoot an arrow. The arrow hits Duvessa.
Duvessa is lightly wounded.
Duvessa hits you with a +4 rapier of electrocution!
You are electrocuted!
3512 ||| READING 2 scrolls of teleportation.
As you read the scroll of teleportation, it crumbles to dust.
You feel strangely unstable.
Duvessa hits you with a +4 rapier of electrocution!
Duvessa hits you with a +4 rapier of electrocution!!
You die...

#.....##.#.#.....#####
###......#.####### #
########.#### # #....# #
####.# ##### #.# #....
#.# #.###
..##.##########.####.###
#....%e@................
####.##########.........
#....#.......
#.....)##....
#..#'#.###### #..#%#.#
##.#.#.## #..#.#..# ##
#.##.##.# #.


You could see Duvessa (berserk).

Vanquished Creatures
  Sigmund (D:3)
  Dowan (D:4)
  A jelly (D:3)
  A gnoll bouda (D:4)
  A hound (D:4)
  Jessica (D:2)
  3 iguanas (D:4)
  An orc wizard (D:4)
  6 gnolls
  5 adders
  2 dart slugs
  14 orcs
  8 ball pythons
  10 bats
  9 endoplasms
  2 giant cockroaches
  9 goblins
  12 hobgoblins
  5 jackals
  4 kobolds
  4 quokkas
  A frilled lizard (D:2)
  6 rats
107 creatures vanquished.

Notes
Turn   | Place    | Note
-------+----------+-------------------------------------------
     0 | D:1      | qw the Minotaur Hexslinger began the quest for the Orb.
     0 | D:1      | Reached XP level 1. HP: 16/16 MP: 1/1
     0 | D:1      | 0 ||| qw: Version: 0.3-a-51-g015441d
     0 | D:1      | 0 ||| qw: Game counter: 4125
     0 | D:1      | 0 ||| qw: Melee chars always use a shield: true
     0 | D:1      | 0 ||| qw: God list: Okawaru
     0 | D:1      | 0 ||| qw: Allow faded altars: false
     0 | D:1      | 0 ||| qw: Do Orc after clearing Dungeon:15 true
     0 | D:1      | 0 ||| qw: Do second Lair branch before Depths: true
     0 | D:1      | 0 ||| qw: Lair rune preference: random
     0 | D:1      | 0 ||| qw: Goals: Normal
     0 | D:1      | 0 ||| PLANNING D:1-11
    57 | D:1      | Reached skill level 3 in Ranged Weapons
    57 | D:1      | Reached XP level 2. HP: 23/23 MP: 2/2
   500 | D:1      | Reached XP level 3. HP: 17/29 MP: 3/3
   779 | D:1      | 779 ||| READING scroll labelled YNTOTOFUMA.
   780 | D:1      | 780 ||| READING scroll labelled VEZUL APOE.
   781 | D:1      | 781 ||| READING scroll labelled RISSIYM LYRA.
   785 | D:1      | 785 ||| DROPPING scroll of poison.
   902 | D:2      | Reached skill level 4 in Ranged Weapons
  1244 | D:2      | Reached XP level 4. HP: 16/36 MP: 4/4
  1426 | D:2      | Noticed Jessica
  1428 | D:2      | Killed Jessica
  1429 | D:2      | Reached skill level 5 in Ranged Weapons
  1764 | D:2      | 1764 ||| UPGRADING to +0 ring mail.
  1774 | D:2      | 1774 ||| DROPPING +0 robe.
  1775 | D:2      | 1775 ||| UPGRADING to amulet of the acrobat.
  1780 | D:2      | 1780 ||| READING scroll labelled PELAYVVAOR.
  1781 | D:2      | 1781 ||| READING 4 scrolls labelled NANGUA UMPUE.
  1782 | D:2      | 1782 ||| READING 2 scrolls labelled OXENON YRHY.
  1783 | D:2      | 1783 ||| READING 2 scrolls labelled CYPHUANN MOSIF.
  1784 | D:2      | 1784 ||| DRINKING 3 sedimented grey potions.
  1819 | D:2      | 1819 ||| DRINKING 2 red potions.
  1820 | D:2      | 1820 ||| READING 2 scrolls of identify.
  1820 | D:2      | 1820 ||| IDENTIFYING sedimented purple potion
  1821 | D:2      | 1821 ||| DROPPING 2 potions of lignification.
  1822 | D:2      | 1822 ||| DROPPING 3 scrolls of revelation.
  1823 | D:2      | 1823 ||| DROPPING scroll of noise.
  1824 | D:2      | 1824 ||| DROPPING scroll of fog.
  1825 | D:2      | 1825 ||| DROPPING potion of brilliance.
  1890 | D:3      | 1890 ||| SWAPPING to +0 orcbow.
  1891 | D:3      | 1891 ||| DROPPING +1 sling.
  1908 | D:3      | Reached skill level 1 in Armour
  1983 | D:3      | Noticed Sigmund
  2001 | D:3      | Killed Sigmund
  2001 | D:3      | HP: 8/36 [gnoll/spear (5)]
  2002 | D:3      | Reached XP level 5. HP: 10/48 MP: 5/5
  2002 | D:3      | Reached XP level 6. HP: 11/56 MP: 6/6
  2002 | D:3      | 2002 ||| DRINKING potion of heal wounds.
  2887 | D:3      | 2887 ||| UPGRADING to +1 leather armour of willpower.
  2897 | D:3      | 2897 ||| DROPPING +0 ring mail.
  2898 | D:3      | 2898 ||| UPGRADING to ring of willpower.
  2899 | D:3      | 2899 ||| DRINKING 2 viscous purple potions.
  2900 | D:3      | 2900 ||| DRINKING 2 coppery potions.
  2926 | D:4      | Reached skill level 6 in Ranged Weapons
  2937 | D:4      | Found Wixin's Assorted Antiques.
  2942 | D:4      | 2942 ||| SHOPLISTING 2 potions of heal wounds (240 gold,
                  | have 136).
  2942 | D:4      | 2942 ||| BUYING 2 purple potions (43 gold).
  2942 | D:4      | Bought 2 purple potions for 43 gold pieces
  2942 | D:4      | 2942 ||| SHOPLISTING bone wand (96 gold, have 93).
  2942 | D:4      | 2942 ||| SHOPLISTING distressingly furry ring mail (216
                  | gold, have 93).
  2942 | D:4      | 2942 ||| SHOPLISTING pair of boots (108 gold, have 93).
  2942 | D:4      | 2942 ||| BUYING scroll of teleportation (72 gold).
  2942 | D:4      | Bought a scroll of teleportation for 72 gold pieces
  2942 | D:4      | 2942 ||| BUYING viscous silvery potion (21 gold).
  2942 | D:4      | Bought a viscous silvery potion for 21 gold pieces
  2957 | D:4      | Noticed a +0 dagger
  2958 | D:4      | Found a hide-covered altar of Uskayaw.
  2958 | D:4      | Noticed a +0 hand axe
  2990 | D:4      | 2990 ||| Stepping ~*~*~tactically~*~*~ (outnumbered).
  3186 | D:4      | Reached XP level 7. HP: 61/61 MP: 7/7
  3195 | D:4      | Found a shimmering altar of Xom.
  3247 | D:4      | Reached skill level 7 in Ranged Weapons
  3481 | D:4      | Noticed Dowan
  3492 | D:4      | Killed Dowan
  3506 | D:4      | Noticed Duvessa
  3511 | D:4      | HP: 14/61 [Duvessa/+4 rapier of electrocution (17)]
  3512 | D:4      | 3512 ||| READING 2 scrolls of teleportation.
  3512 | D:4      | HP: 1/61 [Duvessa/+4 rapier of electrocution (14)]
  3512 | D:4      | Annihilated by Duvessa

Levels and vault maps discovered:
D:1:      wheals_arrival_shading, layout_loops_cross
D:2:      layout_basic, serial_corexii_hall, corexii_hall_statues_i,
          corexii_hall_statues_x, kennysheep_jessica_study
D:3:      layout_loops_corners, st_stairs_14, minmay_misc_feat_cross,
          kennysheep_generic_room_4, uniq_sigmund
D:4:      layout_loops_cross, mainiacjoe_overflow_surrounded_room,
          zin_scriptorium, dancing_weapons_uskayaw, serial_shops,
          nicolae_shop_crystal, uniq_duvessa

Skill      XL: |  1  2  3  4  5  6  7 |
---------------+----------------------+-----
Ranged Weapons | 3 4 5 6 7 |  7.4
Fighting       | 2 5 |  5.2
Armour         | 1 |  1.1
Dodging        | |  2.1
Spellcasting   | |  1.0
Hexes          | |  2.0

Action                     |  1- 3 |  4- 6 |  7- 9 || total
---------------------------+-------+-------+-------++-------
   Fire: Sling             |   136 |    20 |       ||   156
         Orcbow            |       |   145 |    46 ||   191
    Use: Scroll            |     3 |     5 |     1 ||     9
         Potion            |       |     5 |       ||     5
 Armour: Robe              |    10 |       |       ||    10
         Ring mail         |       |    28 |       ||    28
         Leather armour    |       |     3 |     3 ||     6
  Dodge: Dodged            |    47 |    60 |     9 ||   116

Table legend:
 A = Non-vault XP
 B = Vault XP
 C = Vault XP percentage of total XP
 D = Non-vault monster count
 E = Vault monster count
 F = Vault count percentage of total count
                 A         B        C        D         E       F
            +---------+---------+-------+---------+---------+-------
      Total |     576 |     355 |  38.1 |     100 |       7 |   6.5
            +---------+---------+-------+---------+---------+-------
        D:1 |      48 |       0 |   0.0 |      27 |       0 |   0.0
        D:2 |      57 |      39 |  40.6 |      19 |       2 |   9.5
        D:3 |     172 |     247 |  58.9 |      30 |       4 |  11.8
        D:4 |     299 |      69 |  18.8 |      24 |       1 |   4.0
            +---------+---------+-------+---------+---------+-------
